 Dungeon Crawl Stone Soup version 0.31-a0-1407-ga5f2854 (webtiles) character file.

Game seed: 1228460208024711314

95 edsrzf the Conjurer (level 4, -1/27 HPs)
             Began as an Octopode Hedge Wizard on Dec 25, 2023.
             Incinerated by a bombardier beetle (3 damage)
             ... with a burning spray
             ... on level 3 of the Dungeon.
             The game lasted 00:02:52 (2507 turns).

edsrzf the Conjurer (Octopode Hedge Wizard)         Turns: 2507, Time: 00:02:52

Health: -1/27      AC:  3    Str:  9    XL:     4   Next: 66%
Magic:  1/8        EV: 13    Int: 18    God:
Gold:   81         SH:  0    Dex: 11    Spells: 5/9 levels left

rFire   . . .        a - +0 dagger
rCold   . . .        (no shield)
rNeg    . . .        d - +2 hat
rPois   .            k - amulet of regeneration
rElec   .            (no ring)
rCorr   .            (no ring)
SInv    .            (no ring)
Will    .....        (no ring)
Stlth   +            (no ring)
HPRegen 1.04/turn    (no ring)
MPRegen 0.11/turn    (no ring)
                     (no ring)

%: no passive effects
@: mighty, on fire, glowing
A: almost no armour, amphibious, 8 rings, camouflage 1, gelatinous body 1,
(nimble swimmer 1), tentacles
a: no special abilities


You were on level 3 of the Dungeon.
You visited 1 branch of the dungeon, and saw 3 of its levels.

You collected 81 gold pieces.

Inventory:

Hand Weapons
 a - a +0 dagger (weapon)
 f - a +0 whip of venom
Missiles
 e - 2 poisoned darts
Armour
 d - a +2 hat (worn)
Jewellery
 k - an amulet of regeneration (around mantle)
Scrolls
 b - 3 scrolls of identify {unknown}
 g - a scroll of immolation {unknown}
 i - a scroll of blinking {unknown}
 j - a scroll of fear {unknown}
Potions
 c - a potion of magic
 h - 2 potions of might


   Skills:
 - Level 2.0 Dodging
 - Level 2.6 Stealth
 - Level 3.0 Spellcasting
 + Level 4.3 Conjurations
 - Level 1.0 Summonings
 - Level 1.0 Translocations


You had 5 spell levels left.
You knew the following spells:

 Your Spells              Type           Power      Damage    Failure   Level
b - Blink                 Tloc           12%        N/A       16%         2
s - Slow                  Hex            8%         N/A       16%         1
X - Magic Dart            Conj           72%        1d6       2%          1

Your spell library contained the following spells:

 Spells                   Type           Power      Damage    Failure   Level
 Call Imp                 Summ           12%        N/A       16%         2
 Cigotuvi's Dreadful Rot  Necr/Alch/Air  4%         N/A       24%         2
 Sublimation of Blood     Necr           2%         N/A       24%         2
 Mephitic Cloud           Conj/Alch/Air  7%         N/A       26%         3
 Petrify                  Alch/Erth      2%         N/A       85%         4
 Irradiate                Conj/Alch      5%         3d13      88%         5


Dungeon Overview and Level Annotations

Branches:
Dungeon (3/15)

Altars:


Innate Abilities, Weirdness & Mutations

You cannot wear most types of armour.
You are amphibious.
You can wear up to eight rings at the same time.
Your skin changes colour to match your surroundings (Stealth+).
Your rubbery body absorbs attacks. (AC +1, EV +1)
((You are camouflaged when in or above water. (Stealth+)))
You have tentacles for arms and can constrict up to eight enemies at once.


Message History

Casting: Magic Dart (safe; 3% risk of failure)
Confirm with . or Enter, or press ? or * to list all spells.
The magic dart hits the giant cockroach.
The giant cockroach is severely wounded.
You closely miss the giant cockroach. Your grab misses the giant cockroach.
The giant cockroach is severely wounded.
The giant cockroach bites you but does no damage.
You closely miss the giant cockroach. Your grab misses the giant cockroach.
The giant cockroach is severely wounded.
The giant cockroach completely misses you.
The giant cockroach closely misses you.
You barely miss the giant cockroach. Your grab misses the giant cockroach.
Your squeeze misses the giant cockroach.
The giant cockroach is severely wounded.
The giant cockroach closely misses you.
You hit the giant cockroach but do no damage.
Your grab misses the giant cockroach.
Your squeeze misses the giant cockroach.
The giant cockroach is severely wounded.
The giant cockroach misses you.
You hit the giant cockroach.
You kill the giant cockroach!
A ball python comes into view.
A bombardier beetle comes into view.
Found a brass ring.
You see here a +0 falchion.
Casting: Magic Dart (safe; 3% risk of failure)
Confirm with . or Enter, or press ? or * to list all spells.
The magic dart hits the ball python.
You kill the ball python!
Casting: Magic Dart (safe; 3% risk of failure)
Confirm with . or Enter, or press ? or * to list all spells.
The magic dart hits the bombardier beetle.
The bombardier beetle is lightly wounded.
Casting: Magic Dart (safe; 3% risk of failure)
Confirm with . or Enter, or press ? or * to list all spells.
The magic dart hits the bombardier beetle.
The bombardier beetle is heavily wounded.
Casting: Magic Dart (safe; 3% risk of failure)
Confirm with . or Enter, or press ? or * to list all spells.
The magic dart hits the bombardier beetle.
The bombardier beetle is heavily wounded.
Casting: Magic Dart (safe; 3% risk of failure)
Confirm with . or Enter, or press ? or * to list all spells.
The magic dart hits the bombardier beetle but does no damage.
The bombardier beetle is heavily wounded.
Casting: Magic Dart (safe; 3% risk of failure)
Confirm with . or Enter, or press ? or * to list all spells.
Okay, then.
Unknown command.
Casting: Magic Dart (safe; 3% risk of failure)
Confirm with . or Enter, or press ? or * to list all spells.
Aiming: Slow (safe; 16% risk of failure)
Press: ? - help, Shift-Dir - straight line, f/p - bombardier beetle
Aim: a bombardier beetle (heavily wounded, chance to affect: 35%)
The bombardier beetle seems to slow down.
Casting: Slow (safe; 16% risk of failure)
Confirm with . or Enter, or press ? or * to list all spells.
The magic dart hits the bombardier beetle.
The bombardier beetle is severely wounded.
Casting: Magic Dart (safe; 3% risk of failure)
Confirm with . or Enter, or press ? or * to list all spells.
The magic dart hits the bombardier beetle.
The bombardier beetle is almost dead.
The bombardier beetle is no longer moving slowly.
Found a spear.
The bombardier beetle sprays incendiary fluid at you.
The burning spray hits you.
You are covered in liquid fire!
You hit the bombardier beetle but do no damage.
You grab the bombardier beetle.
The bombardier beetle is almost dead.
The liquid fire burns you!
You constrict the bombardier beetle, but do no damage.
You hit the bombardier beetle but do no damage.
The bombardier beetle is almost dead.
The liquid fire burns you!
You constrict the bombardier beetle, but do no damage.
The bombardier beetle bites you.
You hit the bombardier beetle but do no damage.
The bombardier beetle is almost dead.
The liquid fire burns you!
You constrict the bombardier beetle, but do no damage.
You hit the bombardier beetle. You squeeze the bombardier beetle.
You kill the bombardier beetle!
The liquid fire burns you!
Your Conjurations skill increases to level 4!
Unknown command.
You shake off some of the fire as you move.
The liquid fire burns you!
* * * LOW HITPOINT WARNING * * *
Okay, then.
You shake off some of the fire as you move.
The liquid fire burns you!
* * * LOW HITPOINT WARNING * * *
You see here a +0 falchion.
It was a potion of might.
You feel very mighty all of a sudden. The liquid fire burns you!
You die...

###.# =...#
..#.# ##.#.#
....#
#######†..#
..).......#
##...##.#.#####
#. #.@...†...
#...###### #.
#...#...
....###.#.#
#........#
#.####.#######.
#............
#....<.......
+............


There were no monsters in sight!

Vanquished Creatures
  A bombardier beetle (D:3)
  An adder (D:2)
  A worm (D:2)
  8 ball pythons
  5 endoplasms
  3 giant cockroaches
  5 goblins
  4 hobgoblins
  5 quokkas
  2 bats (D:2)
  A frilled lizard (D:1)
  3 kobolds
  5 rats
44 creatures vanquished.

Notes
Turn   | Place    | Note
-------+----------+-------------------------------------------
     0 | D:1      | edsrzf the Octopode Hedge Wizard began the quest for the
                  | Orb.
     0 | D:1      | Reached XP level 1. HP: 11/11 MP: 4/4
   254 | D:1      | Reached skill level 2 in Conjurations
   254 | D:1      | Reached XP level 2. HP: 14/17 MP: 0/6
   831 | D:1      | Reached XP level 3. HP: 21/21 MP: 4/7
  1065 | D:2      | Reached skill level 3 in Conjurations
  1232 | D:2      | Learned a level 1 spell: Slow
  1235 | D:2      | Learned a level 2 spell: Blink
  2129 | D:2      | Reached XP level 4. HP: 27/27 MP: 6/8
  2505 | D:3      | Reached skill level 4 in Conjurations
  2506 | D:3      | HP: 1/27 [burnt (6)]
  2507 | D:3      | Identified 3 potions of might
  2507 | D:3      | Incinerated by a bombardier beetle

Illustrated notes

Levels and vault maps discovered:
D:1:      minmay_arrival_checkered_box, layout_rooms
D:2:      layout_loops_corners, serial_forest, infiniplex_forest_straight_4,
          infiniplex_forest_clump_diagonal, infiniplex_forest_straight_1,
          infiniplex_forest_lined_1, infiniplex_forest_end_3,
          infiniplex_forest_end_2, infiniplex_forest_pool,
          infiniplex_forest_corner_1, infiniplex_forest_lined_4_way
D:3:      layout_basic, tso_metal_star

Skill      XL: |  1  2  3  4 |
---------------+-------------+-----
Conjurations   | 2 3 4 |  4.3
Dodging        | |  2.0
Stealth        | |  2.6
Spellcasting   | |  3.0
Summonings     | |  1.0
Translocations | |  1.0

Action                     |  1- 3 |  4- 6 || total
---------------------------+-------+-------++-------
  Melee: Dagger            |     9 |     9 ||    18
         Constrict         |     1 |     1 ||     2
         Tentacles         |     1 |     1 ||     2
   Cast: Magic Dart        |    96 |    11 ||   107
         Slow              |       |     1 ||     1
    Use: Potion            |       |     1 ||     1
 Armour: Skin              |     7 |     2 ||     9
  Dodge: Dodged            |     4 |     4 ||     8

Table legend: (Time is in decaauts)
 A = Elapsed time spent in this place.
 B = Non-inter-level travel time spent in this place.
 C = Inter-level travel time spent in this place.
 D = Time resting spent in this place.
 E = Time spent auto-exploring this place.
 F = Levels seen in this place.
 G = Mean time per level.
                   A        B        C        D        E       F      G
               +--------+--------+--------+--------+--------+-----+--------+
         Total |   2506 |   2468 |     38 |    539 |   1632 |   3 |  835.3 |
       Dungeon |   2506 |   2468 |     38 |    539 |   1632 |   3 |  835.3 |
               +--------+--------+--------+--------+--------+-----+--------+

Top non-repeatable levels by time:
     D:2: 1513 daAuts
     D:1: 945 daAuts
     D:3: 47 daAuts
